 Dungeon Crawl Stone Soup version 0.30-a0-782-ge64f9170bb (webtiles) character file.

Game seed: 2527855939451654213

60 Dordric the Cudgeller (level 4, 0/28 HPs)
             Began as a Gargoyle Fighter on Feb 18, 2023.
             Killed from afar by a white imp (10 damage)
             ... with a puff of frost
             ... summoned by Natasha
             ... on level 2 of the Dungeon.
             The game lasted 00:01:32 (1622 turns).

Dordric the Cudgeller (Gargoyle Fighter)            Turns: 1622, Time: 00:01:33

Health: 0/28       AC: 11    Str: 21    XL:     4   Next: 6%
Magic:  4/4        EV:  9    Int:  9    God:
Gold:   45         SH:  4    Dex:  9    Spells: 3/3 levels left

rFire   . . .      SeeInvis .    a - +0 flail
rCold   . . .      Faith    .    c - +0 buckler
rNeg    + . .      Spirit   .    b - +0 scale mail
rPois   ∞          Reflect  .    (no helmet)
rElec   +          Harm     .    (no cloak)
rCorr   .          Rampage  .    (no gloves)
Will    .....                    j - +0 pair of boots Stlth
                                 l - amulet of the acrobat
HPRegen 0.24/turn                (no ring)
MPRegen 0.09/turn                (no ring)

@: mighty, slowed, very slow
A: sickness immunity, AC +3, negative energy resistance 1, electricity
resistance, torment resistance 1, petrification resistance
a: no special abilities


You were on level 2 of the Dungeon.
You visited 1 branch of the dungeon, and saw 2 of its levels.

You collected 45 gold pieces.

Inventory:

Hand Weapons
 a - a +0 flail (weapon)
Armour
 b - a +0 scale mail (worn)
 c - a +0 buckler (worn)
 j - a +0 pair of boots (worn)
Jewellery
 l - an amulet of the acrobat (around neck)
Scrolls
 e - a scroll of torment
 h - a scroll of vulnerability {unknown}
 k - a scroll of fog
 m - a scroll of noise {unknown}
 p - a scroll of teleportation {unknown}
Potions
 d - a potion of might
 f - a potion of haste {unknown}
 g - a potion of brilliance {unknown}
 i - a potion of curing {unknown}
 n - a potion of heal wounds {unknown}
 o - a potion of attraction {unknown}


   Skills:
 - Level 3.2 Fighting
 + Level 4.2 Maces & Flails
 - Level 3.2 Armour
 - Level 3.2 Shields


You had 3 spell levels left.
You didn't know any spells.
Your spell library was empty.

Dungeon Overview and Level Annotations

Branches:
Dungeon (2/15)

Altars:

Annotations:
D:2 Natasha


Innate Abilities, Weirdness & Mutations

You are immune to sickness and miasma.
Your stone body is resilient. (AC +3)
You are immune to poison.
You resist negative energy. (rN+)
You are resistant to electric shocks. (rElec)
You are resistant to unholy torment.
You are immune to petrification.


Message History

You now have 45 gold pieces (gained 9).
Natasha, Servant of Life and Death comes into view.
She is carrying a wand of light (11).
Natasha hisses angrily.
Natasha is nearby!
Natasha is nearby!
You closely miss Natasha. Natasha claws you.
You closely miss Natasha.
Natasha casts a spell.
Natasha casts a spell at you. The magic dart hits you.
You barely miss Natasha. The white imp gestures at you.
The puff of frost hits you. Natasha claws you but does no damage.
You hit Natasha.
Natasha is lightly wounded.
The white imp hits you but does no damage.
Natasha closely misses you.
You closely miss Natasha.
Natasha is lightly wounded.
You block Natasha's attack.
The white imp hits you but does no damage.
You barely miss Natasha.
Natasha is lightly wounded.
Natasha zaps a wand.
The bolt of light hits you! The white imp barely misses you.
You are too injured to fight recklessly!
You are too injured to fight recklessly!
You are too injured to fight recklessly!
You are too injured to fight recklessly!
You are too injured to fight recklessly!
You are too injured to fight recklessly!
You are too injured to fight recklessly!
You are too injured to fight recklessly!
You are too injured to fight recklessly!
You are too injured to fight recklessly!
You feel very mighty all of a sudden. Natasha casts a spell at you.
You feel yourself slow down. The white imp gestures at you.
The puff of frost hits you!
You die...

......###.## #)# #.#.#####.#
#..........# #####.# #.........#
#........(.# #.....## ###.#####.#
#..........# #......# ##.# #.#
#..........###......####..# #.#
#.........)..............######.#
#..........###....)####>........#
#..........# ####### #.#########
#...†......# #.@5# #.#
+..........# #h#.# #.#
#..........# #.#.# #.#
####'####### #.#.# #.# #.# #.#.#
#.# #.# #.#.# #.# #.# #.#.# #.#
#.# #.#.# #.# #.# #.# #.#


You could see Natasha and a white imp (summoned).

Vanquished Creatures
  3 worms
  3 bats
  4 endoplasms (D:1)
  6 giant cockroaches (D:1)
  2 goblins (D:1)
  4 hobgoblins
  6 jackals (D:1)
  A quokka (D:1)
  6 ball pythons (D:1)
  2 frilled lizards (D:1)
  3 kobolds
  7 rats (D:1)
47 creatures vanquished.

Notes
Turn   | Place    | Note
-------+----------+-------------------------------------------
     0 | D:1      | Dordric the Gargoyle Fighter began the quest for the Orb.
     0 | D:1      | Reached XP level 1. HP: 14/14 MP: 1/1
     1 | D:1      | Found a runed translucent door.
   157 | D:1      | Reached XP level 2. HP: 19/19 MP: 2/2
   374 | D:1      | Reached skill level 3 in Maces & Flails
   845 | D:1      | Reached XP level 3. HP: 23/23 MP: 3/3
  1226 | D:1      | Reached skill level 4 in Maces & Flails
  1444 | D:2      | Reached XP level 4. HP: 26/28 MP: 4/4
  1615 | D:2      | Noticed Natasha
  1622 | D:2      | Killed from afar by a white imp

Illustrated notes

Levels and vault maps discovered:
D:1:      dpeg_arrival_caged_fury, layout_basic
D:2:      layout_basic, serial_shops, nicolae_shop_crystal,
          nicolae_shop_hallway_stairs, uniq_natasha, uniq_crazy_yiuf_cottage

Skill      XL: |  1  2  3 |
---------------+----------+-----
Maces & Flails | 3 4 |  4.2
Fighting       | |  3.2
Armour         | |  3.2
Shields        | |  3.2

Action                     |  1- 3 |  4- 6 || total
---------------------------+-------+-------++-------
  Melee: Flail             |   137 |    19 ||   156
    Use: Scroll            |     2 |       ||     2
         Potion            |       |     1 ||     1
 Armour: Scale mail        |    94 |    15 ||   109
  Dodge: Dodged            |    88 |    21 ||   109
  Block: Buckler           |    24 |     3 ||    27

Table legend: (Time is in decaauts)
 A = Elapsed time spent in this place.
 B = Non-inter-level travel time spent in this place.
 C = Inter-level travel time spent in this place.
 D = Time resting spent in this place.
 E = Time spent auto-exploring this place.
 F = Levels seen in this place.
 G = Mean time per level.
                   A        B        C        D        E       F      G
               +--------+--------+--------+--------+--------+-----+--------+
         Total |   1663 |   1622 |     41 |      0 |   1271 |   2 |  831.5 |
       Dungeon |   1663 |   1622 |     41 |      0 |   1271 |   2 |  831.5 |
               +--------+--------+--------+--------+--------+-----+--------+

Top non-repeatable levels by time:
     D:1: 1356 daAuts
     D:2: 307 daAuts
